 Dungeon Crawl Stone Soup version 0.20-a0-555-gf6ae02d (webtiles) character file.

943 M4edhros the Martial Artist (level 8, -3/46 HPs)
             Began as an Octopode Necromancer on Feb 6, 2017.
             Slain by a phantom (4 damage)
             ... on level 5 of the Dungeon.
             The game lasted 00:14:09 (1817 turns).

M4edhros the Martial Artist (Octopode Necromancer)  Turns: 1817, Time: 00:14:10

Health: -3/46      AC:  3    Str:  7    XL:     8   Next: 12%
Magic:  5/11       EV: 13    Int: 18    God:
Gold:   134        SH:  0    Dex: 14    Spells: 6/11 levels left

rFire    x . .     SeeInvis .   h - +1 short sword (venom)
rCold    + . .     Gourm    .   (no shield)
rNeg     . . .     Faith    .   i - +2 hat
rPois    .         Spirit   .   g - amulet of regeneration
rElec    .         Reflect  .   k - ring of ice
rCorr    .         Harm     .   (no ring)
MR       .....                  (no ring)
Stlth    +++.......             (no ring)
Regen    0.6/turn               (no ring)
                                (no ring)
                                (no ring)
                                (no ring)

@: no status effects
A: almost no armour, stealthy swim, amphibious, 8 rings, constrict 8, camouflage
1, gelatinous body 1
a: no special abilities


You were on level 5 of the Dungeon.
You were hungry.

You visited 1 branch of the dungeon, and saw 6 of its levels.

You collected 134 gold pieces.

Inventory:

Hand Weapons
 h - a +1 short sword of venom (weapon)
 m - a +0 blowgun
Missiles
 d - 26 stones (quivered)
 n - 6 poisoned needles
 q - 17 sling bullets
Armour
 i - a +2 hat (worn)
Jewellery
 g - an amulet of regeneration (around mantle)
 k - a ring of ice (left tentacle)
Wands
 c - a wand of confusion (34/48)
Scrolls
 e - 2 scrolls of remove curse
 l - 2 scrolls of recharging
 p - 2 scrolls of teleportation
Books
 a - a book of Necromancy

   Spells                             Type                      Level
   a - Pain                           Necromancy                   1
   b - Animate Skeleton               Necromancy                   1
   c - Vampiric Draining              Necromancy                   3
   d - Regeneration                   Charms/Necromancy            3
   e - Animate Dead                   Necromancy                   4
   f - Control Undead                 Necromancy                   4
Comestibles
 b - a bread ration
 f - 6 chunks of flesh
 o - a meat ration


   Skills:
 - Level 2.0 Dodging
 - Level 2.6 Stealth
 + Level 9.0 Unarmed Combat
 - Level 2.0 Spellcasting
 - Level 4.0 Necromancy


You had 6 spell levels left.
You knew the following spells:

 Your Spells              Type           Power        Failure   Level  Hunger
a - Pain                  Necr           ###.         3%          1    #......
b - Animate Skeleton      Necr           N/A          3%          1    #......
c - Regeneration          Chrm/Necr      #.........   24%         3    ###....


Dungeon Overview and Level Annotations

Branches:
Dungeon (6/15)
 Temple: D:4-7

Altars:
Cheibriados
Gozag
Qazlal
Trog
Uskayaw

Annotations:
D:4 Eustachio
D:6 Gnolllllls


Innate Abilities, Weirdness & Mutations

You cannot wear most types of armour.
You are very stealthy in the water. (Stealth+)
You are amphibious.
You can wear up to eight rings at the same time.
You can use your tentacles to constrict eight enemies at once.
Your skin changes colour to match your surroundings (Stealth+).
Your rubbery body absorbs attacks. (AC +1, EV +1)


Message History

The gnoll sergeant is severely wounded.
You constrict the gnoll sergeant, but do no damage.
The gnoll sergeant closely misses you. The phantom hits you!
* * * LOW HITPOINT WARNING * * *
The phantom blinks!
Press: ? - help, v - describe, . - travel
Here: a gnoll sergeant, wielding a trident of flaming and wearing a ring mail (severely wounded, constricted by you, poisoned)
The floor.
Evoke which item? (* to show all) (? for menu, Esc to quit)
Aiming: Confuse
Press: ? - help, Shift-Dir - straight line, f/p - gnoll sergeant
Aim: a gnoll sergeant, wielding a trident of flaming and wearing a ring mail (severely wounded, constricted by you, poisoned, chance to defeat MR: 46%)
The gnoll sergeant appears confused.
This wand has 34 charges left.
You constrict the gnoll sergeant.
The gnoll sergeant hits you with a trident of flaming!
* * * LOW HITPOINT WARNING * * *
The gnoll sergeant burns you.
* * * LOW HITPOINT WARNING * * *
The phantom hits you.
You die...

### #.. ..# #####.# #.#
#.. ..# #.# #W# #.# #.#
#.###.## #.#
###)##...####.#
#....W._......#########
#.####@g.##.#..........
#. ##.###.#gg........ #
#.###.#..........
#...g.#..Z....... #
#.#####..$.......
#.###.#.##......>......
#.......########)##.#.#
#####...............#..
#######........####


You could see a phantom and a gnoll sergeant (confused).

Vanquished Creatures
  Edmund (D:4)
  An ice beast (D:4)
  3 ogres
  3 centaurs (D:5)
  Natasha (D:4)
  2 iguanas
  A worker ant (D:4)
  2 gnolls (D:5)
  4 adders
  A shadow imp (D:5)
  3 dart slugs
  4 leopard geckos
  4 orcs
  A ball python (D:3)
  A giant cockroach (D:4)
  3 goblins
  3 hobgoblins
  3 frilled lizards
  4 kobolds
  A leopard gecko skeleton (D:5)
  A rat (D:1)
47 creatures vanquished.

Vanquished Creatures (collateral kills)
  A phantom (D:5)
  A scorpion (D:5)
  A gnoll (D:5)
3 creatures vanquished.

Grand Total: 50 creatures vanquished

Notes
Turn   | Place    | Note
-------+----------+-------------------------------------------
     0 | D:1      | M4edhros the Octopode Necromancer began the quest for the Orb.
     0 | D:1      | Reached XP level 1. HP: 11/11 MP: 3/3
    48 | D:1      | Reached skill level 1 in Unarmed Combat
   168 | D:1      | Reached XP level 2. HP: 13/17 MP: 5/5
   298 | D:2      | Reached skill level 2 in Unarmed Combat
   358 | D:2      | Learned a level 1 spell: Animate Skeleton
   397 | D:3      | Found a bloodstained altar of Trog.
   408 | D:3      | Reached XP level 3. HP: 21/21 MP: 6/6
   443 | D:4      | Found a hide-covered altar of Uskayaw.
   602 | D:4      | Reached skill level 3 in Unarmed Combat
   614 | D:4      | Noticed Eustachio
   617 | D:4      | Noticed Edmund
   799 | D:4      | Reached XP level 4. HP: 18/27 MP: 7/7
   858 | D:4      | Killed Edmund
   858 | D:4      | Reached skill level 5 in Unarmed Combat
   858 | D:4      | Reached XP level 5. HP: 21/31 MP: 8/8
   978 | D:4      | Noticed Natasha
   986 | D:4      | Killed Natasha
  1015 | D:5      | Entered Level 5 of the Dungeon
  1022 | D:5      | Reached XP level 6. HP: 30/36 MP: 9/9
  1031 | D:5      | Learned a level 3 spell: Regeneration
  1056 | D:5      | Noticed a phantom
  1180 | D:5      | Noticed an ice beast
  1281 | D:4      | Killed an ice beast
  1281 | D:4      | Reached skill level 6 in Unarmed Combat
  1315 | D:4      | Reached XP level 7. HP: 41/41 MP: 10/10
  1321 | D:5      | Reached skill level 7 in Unarmed Combat
  1371 | D:5      | Found an opulent altar of Gozag.
  1449 | D:5      | Found a stormy altar of Qazlal.
  1491 | D:5      | Reached skill level 8 in Unarmed Combat
  1744 | D:5      | Reached XP level 8. HP: 46/46 MP: 11/11
  1757 | D:6      | Found a snail-covered altar of Cheibriados.
  1764 | D:5      | Reached skill level 9 in Unarmed Combat
  1817 | D:5      | HP: 1/46 [gnoll sergeant/trident of flaming (3)]
  1817 | D:5      | Slain by a phantom

Vault maps used:
D:1:      dpeg_arrival_concentric_ovals, minmay_domino_2
D:2:      uniq_robin
D:3:      kennysheep_slugbush, tso_oasis_becter, bloody_makhleb,
          lemuel_round_altar, first_bread, serial_glass, glass_columns_c,
          glass_columns_c, lemuel_tele_altar
D:4:      overflow_temple_1_default, serial_shops, nicolae_shop_statue_plus,
          serial_column_ruins, column_ruins_square_large, column_ruins_grid_4,
          column_ruins_grid_1, column_ruins_open_medium, column_ruins_grid_3,
          column_ruins_open_tiny, uniq_grinder, uniq_pikel, uniq_natasha,
          uniq_eustachio, uniq_edmund
D:5:      nicolae_overflow_crystal_walls, lemuel_round_altar
D:6:      cheibriados_altar_1, minmay_temple_entry_overgrown,
          roderic_aztec_sauvastika, hangedman_minor_gate_pass

Skill      XL: |  1  2  3  4  5  6  7  8 |
---------------+-------------------------+-----
Unarmed Combat | 1 2 3 5 6 8 9 |  9.0
Dodging        | |  2.0
Stealth        | |  2.6
Spellcasting   | |  2.0
Necromancy     | |  4.0

Action                   |  1- 3 |  4- 6 |  7- 9 || total
-------------------------+-------+-------+-------++-------
Melee: Unarmed           |     9 |       |       ||     9
       Tentacles         |     9 |     9 |    11 ||    29
       Short sword       |    44 |    37 |    48 ||   129
       Constrict         |    15 |     6 |     7 ||    28
       Punch             |     1 |     1 |     1 ||     3
 Fire: Blowgun           |     1 |     6 |     4 ||    11
 Cast: Regeneration      |       |       |     7 ||     7
       Animate Skeleton  |       |       |     3 ||     3
Evoke: Wand              |       |       |    10 ||    10
  Use: Potion            |       |     2 |       ||     2
       Scroll            |       |       |     4 ||     4
 Stab: Sleeping          |     3 |     2 |       ||     5
       Confused          |       |       |     1 ||     1
  Eat: Chunk             |       |       |     4 ||     4
Armor: Skin              |     6 |    46 |    12 ||    64
Dodge: Dodged            |    31 |   103 |    65 ||   199
